 Dungeon Crawl Stone Soup version 0.30-a0-618-gd6c86c23d0 (webtiles) character file.

Game seed: 6744227642609480701

165 avis the Trooper (level 5, -1/48 HPs)
             Began as a Minotaur Berserker on Jan 9, 2023.
             Was a Believer of Trog.
             Slain by Edmund
             ... wielding a +3 flail of distortion
              (7 damage)
             ... on level 4 of the Dungeon on Jan 10, 2023.
             The game lasted 00:10:07 (2319 turns).

avis the Trooper (Minotaur Berserker)               Turns: 2319, Time: 00:10:08

Health: -1/48      AC: 10    Str: 24    XL:     5   Next: 21%
Magic:  4/4        EV:  9    Int:  4    God:    Trog [**....]
Gold:   147        SH:  0    Dex:  9    Spells: 4/4 levels left

rFire   . . .      SeeInvis .    a - +0 hand axe
rCold   . . .      Faith    .    (no shield)
rNeg    . . .      Spirit   .    p - +0 chain mail
rPois   .          Reflect  .    (helmet restricted)
rElec   .          Harm     .    (no cloak)
rCorr   .          Rampage  .    (no gloves)
Will    ++...                    n - +0 pair of boots Stlth
                                 (no amulet)
HPRegen 1.28/turn                (no ring)
MPRegen 0.09/turn                (no ring)

@: strong-willed, on berserk cooldown, regenerating, slowed, very slow
A: horns 2, retaliatory headbutt
a: Renounce Religion, Berserk, Trog's Hand


You were on level 4 of the Dungeon.
You worshipped Trog.
Trog was pleased with you.
You visited 1 branch of the dungeon, and saw 4 of its levels.

You collected 147 gold pieces.

Inventory:

Hand Weapons
 a - a +0 hand axe (weapon)
 t - a +0 sling
Missiles
 f - 7 poisoned darts (quivered)
 k - 2 boomerangs
 z - 4 atropa-tipped darts
Armour
 n - a +0 pair of boots (worn)
 p - a +0 chain mail (worn)
Jewellery
 j - a ring of poison resistance
Scrolls
 c - 2 scrolls of fear {unknown}
 d - a scroll of torment {unknown}
 e - 3 scrolls of blinking {unknown}
 l - a scroll of acquirement {unknown}
 m - 2 scrolls of immolation {unknown}
 o - 2 scrolls of poison {unknown}
 q - a scroll of amnesia {unknown}
 r - a scroll of enchant weapon {unknown}
 u - 3 scrolls of identify {unknown}
 w - a scroll of brand weapon {unknown}
 x - a scroll of fog {unknown}
 y - 2 scrolls of teleportation {unknown}
 B - a scroll of noise {unknown}
Potions
 b - 2 potions of curing {unknown}
 g - a potion of resistance {unknown}
 h - a potion of cancellation {unknown}
 i - 2 potions of heal wounds {unknown}
 s - a potion of degeneration {unknown}
 v - a potion of might {unknown}
 A - a potion of mutation {unknown}


   Skills:
 * Level 5.0 Fighting
 * Level 5.0 Axes
 + Level 3.5 Armour
 + Level 3.1 Dodging


You had 4 spell levels left.
You didn't know any spells.
Your spell library contained the following spells:

 Spells                   Type           Power      Damage    Failure   Level
 Beastly Appendage        Tmut           0%         N/A       99%         1
 Wereblood                Tmut           0%         N/A       99%         2
 Spider Form              Tmut/Pois      0%         N/A       100%        3


Dungeon Overview and Level Annotations

Branches:
Dungeon (4/15)
 Temple: D:4-7

Altars:
Fedhas
Hepliaklqana
Sif Muna

Shops:
D:3 [

Annotations:
D:4 Edmund


Innate Abilities, Weirdness & Mutations

You have a pair of horns on your head.
You reflexively headbutt those who attack you in melee.


Message History

You now have 119 gold pieces (gained 8).
y - 2 scrolls labelled VENUFF UTETRURA (gained 1)
You now have 137 gold pieces (gained 18).
You now have 147 gold pieces (gained 10).
B - a scroll labelled QUOTHI VAPOHUMM
Found a shimmering blue altar of Sif Muna.
Found a metallic purple potion.
Edmund the Younger comes into view.
He is wielding a +3 flail of distortion.
Edmund shouts!
Your skin crawls.
You feel strong-willed.
Edmund says, "Everyone always remembers my brother. 'Who's Edmund?' they ask!"
Okay, then.
A red film seems to cover your vision as you go berserk!
You feel yourself moving faster!
You feel mighty!
You feel a strong urge to attack something.
Edmund hits you with a +3 flail of distortion!
You blink.
Found 5 stones.
You feel your anger nearly subside.
You are no longer berserk.
You are exhausted.
You feel yourself slow down.
Found 5 stones.
Edmund hits you with a +3 flail of distortion.
Space warps horribly around you!
You completely miss Edmund. Edmund barely misses you.
You hit Edmund.
Edmund is lightly wounded.
Edmund hits you with a +3 flail of distortion!
Space warps horribly around you!
* * * LOW HITPOINT WARNING * * *
Edmund closely misses you.
You barely miss Edmund.
Edmund is lightly wounded.
Edmund hits you with a +3 flail of distortion.
* * * LOW HITPOINT WARNING * * *
You blink.
Edmund hits you with a +3 flail of distortion!
* * * LOW HITPOINT WARNING * * *
Space warps horribly around you!
You die...

# #.#####.....#.(
#.##..........#
#.##.≈≈§≈≈.##.#
#..#.≈≈≈§≈.##(#
##...☼.§≈≈.##.########
##..≈≈≈≈≈...........#
##.≈≈≈≈≈.!.........#
#.........§......^#
######.@@.........#
##...........#
#########...# ..# .# #


You could see Edmund.

Vanquished Creatures
  An iguana (D:4)
  An orc wizard (D:3)
  3 adders (D:3)
  3 dart slugs
  7 orcs
  9 bats
  5 endoplasms
  4 giant cockroaches
  5 goblins
  9 hobgoblins
  6 jackals
  5 kobolds
  3 quokkas
  7 ball pythons
  A frilled lizard (D:1)
  5 rats
74 creatures vanquished.

Notes
Turn   | Place    | Note
-------+----------+-------------------------------------------
     0 | D:1      | avis the Minotaur Berserker began the quest for the Orb.
     0 | D:1      | Reached XP level 1. HP: 19/19 MP: 0/0
    79 | D:1      | Reached XP level 2. HP: 27/27 MP: 1/1
   439 | D:1      | Reached XP level 3. HP: 32/33 MP: 2/2
   835 | D:2      | Reached ** piety under Trog
  1390 | D:3      | Found Akkar's Antique Armour Emporium.
  1441 | D:3      | Reached XP level 4. HP: 41/41 MP: 3/3
  1611 | D:3      | Found a hazy altar of Hepliaklqana.
  2027 | D:4      | Reached XP level 5. HP: 43/47 MP: 4/4
  2084 | D:4      | Reached skill level 5 in Fighting
  2084 | D:4      | Reached skill level 5 in Axes
  2135 | D:4      | Reached *** piety under Trog
  2236 | D:4      | Found a blossoming altar of Fedhas.
  2298 | D:4      | Found a shimmering blue altar of Sif Muna.
  2308 | D:4      | Noticed Edmund
  2319 | D:4      | Slain by Edmund

Illustrated notes

Levels and vault maps discovered:
D:1:      scummos_arrival_gate, layout_rooms, minmay_pentomino_v4
D:2:      layout_loops_cross, serial_park_tiny_2, minmay_misc_feat_hallway
D:3:      layout_basic, nicolae_hepliaklqana_hazy_memory, serial_shops, shop
D:4:      layout_basic, mainiacjoe_overflow_catwalk,
          nicolae_overflow_hidden_temple, nicolae_sif_muna_condensation,
          uniq_edmund, uniq_ijyb

Skill      XL: |  1  2  3  4  5 |
---------------+----------------+-----
Fighting       | 4 5 |  5.0
Axes           | 4 5 |  5.0
Armour         | 3 |  3.5
Dodging        | 3 |  3.1

Action                   |  1- 3 |  4- 6 || total
-------------------------+-------+-------++-------
Melee: Hand axe          |    83 |    70 ||   153
       Headbutt          |    17 |     6 ||    23
       Punch             |     1 |     1 ||     2
Invok: Berserk           |       |     1 ||     1
       Trog's Hand       |       |     1 ||     1
 Stab: Sleeping          |     1 |       ||     1
Armor: Animal skin       |     2 |       ||     2
       Chain mail        |    23 |    27 ||    50
       Ring mail         |     1 |       ||     1
Dodge: Dodged            |    39 |    21 ||    60

Table legend: (Time is in decaauts)
 A = Elapsed time spent in this place.
 B = Non-inter-level travel time spent in this place.
 C = Inter-level travel time spent in this place.
 D = Time resting spent in this place.
 E = Time spent auto-exploring this place.
 F = Levels seen in this place.
 G = Mean time per level.
                   A        B        C        D        E       F      G
               +--------+--------+--------+--------+--------+-----+--------+
         Total |   2336 |   2025 |    311 |      0 |   1404 |   4 |  584.0 |
       Dungeon |   2336 |   2025 |    311 |      0 |   1404 |   4 |  584.0 |
               +--------+--------+--------+--------+--------+-----+--------+

Top non-repeatable levels by time:
     D:3: 923 daAuts
     D:2: 731 daAuts
     D:1: 553 daAuts
     D:4: 128 daAuts
